 Dungeon Crawl Stone Soup version 0.29.1-12-g30fa7ad0bf (webtiles) character file.

Game seed: 15496623555578865620

130 mortz the Trooper (level 5, -2/34 HPs)
             Began as a Gargoyle Monk on Dec 17, 2022.
             Killed by divine providence
             ... invoked by an orc priest
              (10 damage)
             ... on level 3 of the Dungeon.
             The game lasted 00:08:51 (2988 turns).

mortz the Trooper (Gargoyle Monk)                   Turns: 2988, Time: 00:08:52

Health: -2/34      AC: 18    Str: 17    XL:     5   Next: 13%
Magic:  5/5        EV:  7    Int: 10    God:
Gold:   58         SH:  0    Dex: 18    Spells: 4/4 levels left

rFire   . . .      SeeInvis .   s - +2 flail (vorpal)
rCold   . . .      Faith    .   (no shield)
rNeg    + . .      Spirit   .   m - +0 chain mail
rPois   ∞          Reflect  .   (no helmet)
rElec   +          Harm     .   (no cloak)
rCorr   .          Rampage  .   (no gloves)
Will    .....                   r - +1 pair of boots
Stlth   ..........              (no amulet)
HPRegen 0.11/turn               o - +6 ring of dexterity
MPRegen 0.09/turn               t - +4 ring of protection

@: no status effects
A: sickness immunity, AC +4, negative energy resistance 1, electricity
resistance, torment resistance 1, petrification resistance
a: no special abilities


You were on level 3 of the Dungeon.
You visited 1 branch of the dungeon, and saw 3 of its levels.

You collected 168 gold pieces.
You spent 110 gold pieces at shops.

Inventory:

Hand Weapons
 a - a +0 hand axe
 h - a +0 mace
 q - a +0 long sword
 s - a +2 vorpal flail (weapon)
Missiles
 b - 7 boomerangs
 f - 36 stones (quivered)
Armour
 m - a +0 chain mail (worn)
 r - a +1 pair of boots (worn)
Magical Staves
 u - a staff of fire
Jewellery
 o - a +6 ring of dexterity (left hand)
 t - a +4 ring of protection (right hand)
Scrolls
 d - a scroll of amnesia {unknown}
 g - a scroll of magic mapping {unknown}
 i - a scroll of blinking {unknown}
 k - a scroll of identify {unknown}
 n - 4 scrolls of teleportation {unknown}
Potions
 c - a potion of ambrosia
 e - a potion of attraction {unknown}
 j - 2 potions of curing {unknown}
 l - a potion of haste {unknown}
 p - a potion of invisibility {unknown}
 v - a potion of magic {unknown}
 w - a potion of brilliance {unknown}


   Skills:
 + Level 4.4 Fighting
 - Level 4.3 Axes
 * Level 1.0(3.1) Maces & Flails
 - Level 2.4 Dodging
 - Level 2.1 Stealth


You had 4 spell levels left.
You didn't know any spells.
Your spell library contained the following spells:

 Spells                   Type           Power      Damage    Failure   Level
 Slow                     Hex            0%         N/A       100%        1
 Confusing Touch          Hex            0%         N/A       100%        3
 Ozocubu's Armour         Ice            0%         N/A       100%        3
 Portal Projectile        Hex/Tloc       0%         N/A       100%        3
 Tukima's Dance           Hex            0%         N/A       100%        3
 Vampiric Draining        Necr           0%         2d6       100%        3
 Anguish                  Hex/Necr       0%         N/A       100%        4
 Blade Hands              Tmut           0%         N/A       100%        5
 Freezing Cloud           Conj/Ice/Air   0%         6-21      100%        5


Dungeon Overview and Level Annotations

Branches:
Dungeon (3/15) Zot: 14991

Altars:

Shops:
D:2 *


Innate Abilities, Weirdness & Mutations

You are immune to sickness and miasma.
Your stone body is resilient. (AC +4)
You are immune to poison.
You resist negative energy. (rN+)
You are resistant to electric shocks. (rElec)
You are resistant to unholy torment.
You are immune to petrification.


Message History

You kill the orc!
You slash the orc!
You kill the orc!
You slash the rat!
You kill the rat!
Items here: ))) ††.
s - a +2 vorpal flail
s - a +2 vorpal flail (weapon)
An orc wizard comes into view. It is wielding a +0 dagger.
The orc wizard shouts!
The orc wizard gestures at you while chanting.
You resist with some effort.
You hear a shout!
You closely miss the orc wizard. The orc wizard barely misses you.
An orc priest comes into view. It is wielding a +0 whip.
You closely miss the orc wizard.
The orc priest calls down the wrath of Beogh upon you.
Beogh smites you!
You closely miss the orc wizard. The orc wizard barely misses you.
You thump the orc wizard!
The orc wizard is almost dead.
The orc wizard casts a spell at you. You resist with some effort.
You closely miss the orc wizard.
The orc wizard is almost dead.
The orc wizard casts a spell at you. The puff of flame hits you.
* * * LOW HITPOINT WARNING * * *
You sock the orc wizard!
You kill the orc wizard!
Your base Maces & Flails skill increases to level 1!
You have reached level 5!
You hit the orc priest but do no damage.
A dart slug comes into view.
You barely miss the orc priest. You sock the orc priest!
The orc priest is heavily wounded.
The orc priest calls down the wrath of Beogh upon you.
Beogh smites you!
You die...

.........##..##.##...
#.#####..............#
...!.....###..##.##..#
#.#####.####..##.##..#
#..................#
#.###.########.##..#
#)# #.##.<# #.#
#.##..# #@# #^##..#
#o# #.##..# #w#
#.##..# ..# #)#.#..
### #.##..# #.. ...
###


You could see an orc priest and a dart slug.

Vanquished Creatures
  An orc priest (D:2)
  An orc wizard (D:3)
  3 adders (D:2)
  2 worms (D:2)
  A dart slug (D:2)
  4 orcs
  5 endoplasms (D:2)
  3 giant cockroaches
  2 goblins
  2 hobgoblins
  2 jackals (D:2)
  2 kobolds (D:1)
  A quokka (D:1)
  5 ball pythons
  2 bats
  A frilled lizard (D:1)
  2 rats
39 creatures vanquished.

Vanquished Creatures (others)
  5 plants (D:2)
5 creatures vanquished.

Grand Total: 44 creatures vanquished

Notes
Turn   | Place    | Note
-------+----------+-------------------------------------------
     0 | D:1      | mortz the Gargoyle Monk began the quest for the Orb.
     0 | D:1      | Reached XP level 1. HP: 14/14 MP: 1/1
   342 | D:1      | Reached XP level 2. HP: 19/19 MP: 2/2
   499 | D:1      | Found a faded altar of an unknown god.
  1284 | D:2      | Got the Volume of Freezing Malignant Liturgies
  1295 | D:2      | Reached XP level 3. HP: 24/24 MP: 3/3
  1552 | D:2      | Found Rorah's Assorted Antiques.
  1552 | D:2      | Identified the +2 leather armour of the Devil's Team
                  | {Dex+3}
  1566 | D:2      | Bought a peridot ring for 110 gold pieces
  1812 | D:2      | Reached XP level 4. HP: 29/29 MP: 4/4
  2986 | D:3      | Reached skill level 1 in Maces & Flails
  2986 | D:3      | Reached XP level 5. HP: 7/34 MP: 5/5
  2988 | D:3      | Killed from afar by an orc priest

Illustrated notes

Levels and vault maps discovered:
D:1:      heliophobic_arrival_henge, layout_basic,
          ebering_ecumenical_altar_abandoned, minmay_split_cup_large
D:2:      layout_basic, serial_shops, nicolae_shop_overgrown_old_shop
D:3:      layout_loops_ring, lemuel_round_altar, lightli_temple_of_fire,
          eino_tiny_chamber

Skill      XL: |  1  2  3  4 |
---------------+-------------+-----
Axes           | 3 4 |  4.3
Fighting       | 4 |  4.4
Maces & Flails | 1 |  1.0
Dodging        | |  2.4
Stealth        | |  2.1

Action                   |  1- 3 |  4- 6 || total
-------------------------+-------+-------++-------
Melee: Hand axe          |    89 |    54 ||   143
       Flail             |       |     9 ||     9
       Punch             |       |     1 ||     1
Throw: Stone             |     8 |       ||     8
 Stab: Sleeping          |     3 |       ||     3
Armor: Robe              |    12 |       ||    12
       Chain mail        |    41 |    33 ||    74
Dodge: Dodged            |    22 |    19 ||    41
